AoeStats
← ska_18

Black Forest

507106441Analyzed
3v3 RM · 15d ago on Sep 16, 2026· 54m 13s· 6 players
Game mode
Random Map
Map size
Normal (6 player)
Population
200
Speed
Normal
Resources
Standard
Victory
Conquest
Starting age
Dark Age
Ending age
Imperial Age
RankedLock teamsTeams togetherTeam positionsShared explorationLock speedFull tech treeHidden civsTurbo modeCheats
Victory
Defeat
🇹🇷 Britons · Türkiye
919
+23
🇹🇷 Khmer · Türkiye
897
+16
🇹🇷 Teutons · Türkiye
885
+16
🇨🇿 Cumans · Czechia
941
-18
🇦🇹 Saracens · Austria
875
-15
🇨🇿 Maya · Czechia
861
-14
Eldoren_1987
0:30 Loom
13:05 Feudal Age
14:24 Double-Bit Axe
18:24 Castle Age
16:18 Horse Collar
17:05 Gold Mining
20:23 Bow Saw
21:59 Wheelbarrow
21:43 Heavy Plow
23:50 Eagle Warrior
24:57 Stone Mining
27:16 Ballistics
26:22 Elite Skirmisher
28:29 Hand Cart
27:59 Town Watch
28:55 Fletching
29:06 Padded Archer Armor
29:36 Squires
29:23 Arson
30:38 Scale Mail Armor
30:49 Forging
30:35 Bodkin Arrow
31:58 Caravan
32:29 Hul'che Javelineers
32:43 Treadmill Crane
33:14 Masonry
33:00 Murder Holes
33:47 Iron Casting
34:24 Town Patrol
35:32 Thumb Ring
39:28 Imperial Age
38:59 Stone Shaft Mining
39:15 Leather Archer Armor
39:15 Chain Mail Armor
40:58 Conscription
41:11 Holcans
40:03 Elite Plumed Archer
40:49 Crossbowman
42:40 Chemistry
42:11 Architecture
41:05 Pikeman
41:06 Elite Eagle Warrior
42:16 Halberdier
42:58 Bracer
43:28 Ring Archer Armor
43:29 Plate Mail Armor
44:00 Blast Furnace
44:00 Hoardings
ska_18
1:14 Loom
12:53 Feudal Age
15:30 Double-Bit Axe
18:22 Castle Age
16:12 Horse Collar
21:04 Wheelbarrow
21:21 Bow Saw
21:03 Town Watch
24:49 Hand Cart
25:00 Heavy Plow
26:43 Gold Mining
26:43 Stone Mining
28:18 Gold Shaft Mining
28:17 Fervor
29:13 Forging
28:53 Fletching
29:04 Padded Archer Armor
29:09 Scale Barding Armor
31:30 Iron Casting
30:50 Bodkin Arrow
34:33 Imperial Age
31:55 Treadmill Crane
32:10 Murder Holes
32:26 Masonry
33:16 Bimaristan
33:40 Caravan
34:11 Coinage
34:36 Chain Barding Armor
34:32 Leather Archer Armor
34:28 Fortified Wall
35:05 Ballistics
34:06 Crossbowman
34:52 Thumb Ring
35:01 Bloodlines
36:20 Two-Man Saw
36:22 Chemistry
35:45 Conscription
35:54 Bracer
36:47 Hoardings
36:30 Husbandry
35:53 Light Cavalry
37:31 Sanctity
37:54 Banking
37:01 Elite Mameluke
38:37 Siege Engineers
40:03 Plate Barding Armor
41:53 Blast Furnace
40:43 Arbalester
51:04 Ring Archer Armor
49:57 Hussar
Librs_Cz
8:25 Loom
16:16 Feudal Age
16:28 Man-at-Arms
17:03 Double-Bit Axe
18:04 Forging
22:20 Horse Collar
23:46 Wheelbarrow
28:16 Castle Age
26:29 Arson
28:02 Scale Barding Armor
28:57 Bloodlines
28:35 Town Watch
28:47 Gold Mining
29:55 Heavy Plow
30:18 Elite Skirmisher
32:08 Bow Saw
33:52 Long Swordsman
33:55 Pikeman
39:51 Imperial Age
37:47 Padded Archer Armor
39:06 Hand Cart
39:01 Fletching
41:39 Conscription
41:24 Steppe Husbandry
41:57 Guilds
43:42 Town Patrol
44:46 Two-Man Saw
44:21 Coinage
44:32 Chain Barding Armor
45:13 Cuman Mercenaries
45:51 Elite Steppe Lancer
51:43 Iron Casting
51:43 Leather Archer Armor
51:48 Bodkin Arrow
52:29 Plate Barding Armor
51:44 Capped Ram
53:50 Blast Furnace
53:19 Cavalier
rabbuke
1:26 Loom
12:31 Feudal Age
12:57 Double-Bit Axe
17:23 Castle Age
19:50 Bow Saw
20:04 Stone Mining
20:55 Horse Collar
23:42 Heavy Plow
26:52 Forging
26:42 Scale Mail Armor
28:22 Iron Casting
27:54 Squires
29:30 Wheelbarrow
29:34 Chain Mail Armor
31:51 Hand Cart
31:59 Town Watch
33:01 Gold Mining
36:19 Imperial Age
34:46 Caravan
37:52 Plate Mail Armor
38:49 Two-Man Saw
39:55 Blast Furnace
39:18 Elite Teutonic Knight
40:59 Scale Barding Armor
42:04 Devotion
42:31 Bloodlines
43:22 Onager
45:19 Chain Barding Armor
47:07 Siege Onager
47:46 Fletching
51:15 Conscription
51:42 Ironclad
53:01 Siege Engineers
76561198089966853
11:41 Loom
13:28 Feudal Age
16:41 Castle Age
15:04 Double-Bit Axe
17:06 Wheelbarrow
17:43 Horse Collar
18:15 Bow Saw
19:02 Heavy Plow
20:56 Hand Cart
35:20 Gold Mining
35:21 Stone Mining
41:34 Gold Shaft Mining
41:35 Stone Shaft Mining
45:51 Imperial Age
44:55 Scale Barding Armor
44:55 Husbandry
46:24 Chain Barding Armor
46:27 Ballistics
46:53 Siege Engineers
47:42 Plate Barding Armor
48:11 Heavy Scorpion
50:11 Chemistry
51:52 Caravan
seyyarvatandas
1:00 Loom
14:19 Feudal Age
16:04 Double-Bit Axe
19:19 Castle Age
17:40 Horse Collar
20:27 Bow Saw
20:20 Heavy Plow
32:26 Crossbowman
34:45 Wheelbarrow
34:04 Fletching
34:14 Padded Archer Armor
35:12 Bodkin Arrow
35:31 Stone Mining
35:33 Gold Mining
36:18 Yeomen
38:57 Imperial Age
36:20 Elite Skirmisher
37:38 Leather Archer Armor
37:53 Ballistics
39:19 Caravan
40:11 Conscription
40:36 Bracer
41:07 Ring Archer Armor
42:34 Chemistry
42:10 Warwolf
41:33 Elite Longbowman
Connection lost

Rejoining the realm…

Still unreachable

The connection could not be restored.

Session expired

The server has moved on; the page needs a fresh start.